[Event "Team 45 45 League T44"]
[Site "Internet Chess Club"]
[Date "2010.03.14"]
[Round "6"]
[White "medsurg"]
[Black "arconia"]
[Result "0-1"]
[WhiteElo "1356"]
[BlackElo "1385"]
[Opening "Sicilian: Taimanov variation"]
[ECO "B46"]
[Time "18:01:10"]
[TimeControl "2700+45"]

1. e4 c5 2. Nc3 Nc6 3. Nf3 e6 4. d4 cxd4 5. Nxd4 a6 6. Be3 Nf6 7. f3 Bb4 8. Nxc6
bxc6 9. Qd3 O-O 10. a3 Ba5 11. b4 Bb6 12. Na4 Bxe3 13. Qxe3 d5 14. Rd1 Nh5 15.
g3 f5 16. e5 f4 17. g4 fxe3 {White resigns} 0-1

[Event "Team 45 45 League T44"]
[Site "Internet Chess Club"]
[Date "2010.03.13"]
[Round "6"]
[White "FatTire"]
[Black "fuzzface"]
[Result "0-1"]
[WhiteElo "1257"]
[BlackElo "1417"]
[Opening "Queen's pawn: Chigorin variation"]
[ECO "D00"]
[Time "12:00:22"]
[TimeControl "2700+45"]

1. d4 d5 2. Nc3 e6 3. a3 Nf6 4. Nf3 h6 5. e3 c5 6. Ne5 a6 7. g3 Nc6 8. Nxc6 bxc6
9. Bg2 cxd4 10. Qxd4 c5 11. Qd1 Rb8 12. e4 Bb7 13. Bf4 Rc8 14. Be5 d4 15. Bxf6
Qxf6 16. Na4 e5 17. c3 Be7 18. O-O O-O 19. f4 Rcd8 20. Qc2 d3 21. Qd2 c4 22.
Rfb1 Bc6 23. Nb6 Bxe4 24. Nxc4 Bxg2 25. Kxg2 Qc6+ 26. Kg1 Qxc4 27. b3 Qe4 28.
Re1 Bc5+ 29. Kf1 Qh1# {White checkmated} 0-1

[Event "Team 45 45 League T44"]
[Site "Internet Chess Club"]
[Date "2010.03.14"]
[Round "6"]
[White "taldeital"]
[Black "MateIn42"]
[Result "1-0"]
[WhiteElo "1380"]
[BlackElo "1386"]
[Opening "Queen's pawn: London system"]
[ECO "A45"]
[Time "18:02:27"]
[TimeControl "2700+45"]

1. d4 Nf6 2. Bf4 g6 3. h3 Bg7 4. c3 d6 5. e3 O-O 6. Qc2 Bf5 7. Bd3 Bxd3 8. Qxd3
Nbd7 9. Nf3 Re8 10. Qb5 e5 11. Bg3 Rb8 12. Nbd2 c6 13. Qb3 exd4 14. cxd4 Nb6 15.
O-O Nbd5 16. Rfe1 Qd7 17. Qa3 Bf8 18. Rac1 Nb6 19. Qxa7 Nfd5 20. Qa3 Ra8 21. Qb3
Ra5 22. e4 Rb5 23. Qc2 Nb4 24. Qb1 Bh6 25. a3 Na6 26. Re2 d5 27. Rce1 Bxd2 28.
Nxd2 Nc4 29. Nxc4 dxc4 30. Qd1 c5 31. d5 Rb3 32. Rd2 c3 33. bxc3 Rxc3 34. e5
Rxa3 35. e6 fxe6 36. dxe6 Qc6 37. Rd6 Qc8 38. e7 Nc7 39. Rd8 Qf5 40. Bxc7 Kf7
41. Rxe8 {Black resigns} 1-0

[Event "Team 45 45 League T44"]
[Site "Internet Chess Club"]
[Date "2010.03.12"]
[Round "6"]
[White "tourettes"]
[Black "siddhu"]
[Result "1/2-1/2"]
[WhiteElo "1555"]
[BlackElo "1850"]
[Opening "Ruy Lopez: Berlin defense, Anderssen variation"]
[ECO "C65"]
[Time "14:23:19"]
[TimeControl "2700+45"]

1. e4 e5 2. Nf3 Nc6 3. Bb5 Nf6 4. d3 d6 5. Bxc6+ bxc6 6. h3 Be7 7. O-O O-O 8.
Be3 Bb7 9. Nbd2 Re8 10. c3 Bf8 11. Ng5 d5 12. Qc2 h6 13. Ngf3 c5 14. exd5 Bxd5
15. b3 e4 16. dxe4 Nxe4 17. Rad1 Qf6 18. Nb1 Rad8 19. c4 Bb7 20. Rxd8 Rxd8 21.
Rd1 Rxd1+ 22. Qxd1 Nc3 23. Nxc3 Qxc3 24. Nh4 Qf6 25. Qg4 Qa1+ 26. Kh2 Bd6+ 27.
Bf4 Qxa2 28. Bxd6 cxd6 29. Nf5 Qb2 30. Nxd6 Qxb3 31. Qd7 Ba6 32. Qxf7+ Kh8 33.
Qxa7 Bxc4 34. Qxc5 Be6 35. Qe5 Qd5 36. Qxd5 Bxd5 37. Kg3 g6 38. f3 Kg7 39. Kf4
Bc6 40. Ke5 Ba4 41. f4 h5 42. f5 gxf5 43. Kxf5 Bc6 44. Ne4 Kh6 45. g3 Bd7+ 46.
Kf4 Bxh3 {Game drawn by mutual agreement} 1/2-1/2

[Event "Team 45 45 League T44"]
[Site "Internet Chess Club"]
[Date "2010.03.15"]
[Round "6"]
[White "Theodulf"]
[Black "MarkNY"]
[Result "0-1"]
[WhiteElo "1626"]
[BlackElo "1702"]
[Opening "Sicilian: dragon, Yugoslav attack"]
[ECO "B75"]
[Time "21:04:24"]
[TimeControl "2700+45"]

1. e4 c5 2. Nf3 d6 3. d4 cxd4 4. Nxd4 Nf6 5. Nc3 g6 6. Be3 Bg7 7. f3 Bd7 8. Qd2
Nc6 9. Bc4 Rc8 10. Bb3 O-O 11. O-O-O a6 12. h4 h5 13. Kb1 b5 14. Rhe1 Ne5 15.
Bh6 Nc4 16. Bxc4 Rxc4 17. Bxg7 Kxg7 18. Nd5 Nxd5 19. exd5 a5 20. b3 Rc5 21. Qe3
Re8 22. g4 Rxd5 23. gxh5 Rxh5 24. Qc3 f6 25. Rh1 Reh8 26. Rdg1 Rxh4 27. Rxh4
Rxh4 28. Qd3 Qe8 29. Nf5+ Bxf5 30. Qxf5 e6 31. Qd3 d5 32. Qc3 Qd8 33. Qc5 Qd7
34. Qf2 Rh5 35. f4 Rf5 36. Qg3 g5 37. Qh2 Kg6 38. Rh1 Rxf4 39. Qh6+ Kf5 40. Re1
Re4 41. Rf1+ Rf4 42. Re1 Qf7 43. Qh3+ g4 44. Qd3+ Re4 45. Rf1+ Kg5 46. Qxb5 Qg6
47. Qxa5 Re2 48. Qc3 f5 49. Qd3 Re4 50. a4 f4 51. Rg1 g3 52. Qd2 Re3 53. a5
Rxb3+ 54. Ka2 Re3 55. a6 Qe4 56. c4 Qxc4+ {White resigns} 0-1

[Event "Team 45 45 League T44"]
[Site "Internet Chess Club"]
[Date "2010.03.14"]
[Round "6"]
[White "vollmerj"]
[Black "allanchs"]
[Result "1/2-1/2"]
[WhiteElo "1703"]
[BlackElo "1537"]
[Opening "Ruy Lopez: closed, Chigorin defense"]
[ECO "C97"]
[Time "07:03:11"]
[TimeControl "2700+45"]

1. e4 e5 2. Nf3 Nc6 3. Bb5 a6 4. Ba4 Nf6 5. O-O Be7 6. Re1 b5 7. Bb3 d6 8. c3
O-O 9. h3 Na5 10. Bc2 c5 11. d4 Qc7 12. Nbd2 Bd7 13. Nf1 Rfe8 14. d5 Rac8 15.
Ng3 g6 16. a4 b4 17. cxb4 cxb4 18. Bd3 Qb7 19. Bd2 Nc4 20. Qb3 Nxd2 21. Nxd2 a5
22. Rec1 Rxc1+ 23. Rxc1 Rc8 24. Rxc8+ Qxc8 25. Nc4 Qc7 26. Qd1 Qc5 27. b3 Bd8
28. Qe2 Bc7 29. Qe3 Qxe3 30. Nxe3 Kg7 31. Bb5 Bc8 32. Nc4 Nd7 33. Bxd7 Bxd7 34.
Ne2 f5 35. f3 fxe4 36. fxe4 Bc8 37. Nc1 Kf6 38. Kf2 g5 39. Kf3 h5 40. g4 hxg4+
41. hxg4 Ba6 42. Ne3 Bb6 43. Nf5 Bc5 44. Ne3 Bxe3 45. Kxe3 Ke7 46. Ne2 Bxe2 47.
Kxe2 Kd7 48. Kd3 Kc7 49. Kc4 Kb6 50. Kd3 Ka6 51. Ke3 Kb6 52. Kd3 Ka6 53. Kc4 Kb6
54. Kd3 Ka6 55. Kc4 {Game drawn by mutual agreement} 1/2-1/2

[Event "Team 45 45 League T44"]
[Site "Internet Chess Club"]
[Date "2010.03.15"]
[Round "6"]
[White "kingphisch"]
[Black "scottrugby"]
[Result "0-1"]
[WhiteElo "1485"]
[BlackElo "1457"]
[Opening "Sicilian: closed"]
[ECO "B23"]
[Time "13:01:46"]
[TimeControl "2700+45"]

1. e4 c5 2. Nc3 g6 3. f3 Bg7 4. Bc4 Nc6 5. Nge2 Nf6 6. d3 O-O 7. O-O a6 8. Qe1
e6 9. Ng3 d5 10. exd5 exd5 11. Bb3 Nd4 12. Be3 Nxb3 13. axb3 d4 14. Bd2 dxc3 15.
Bxc3 b5 16. b4 cxb4 17. Bd2 Qd4+ 18. Kh1 Qxb2 19. Rc1 Nd5 20. f4 Bc3 21. Bxc3
Qxc3 22. Qf2 Ne7 23. Ne4 Qc6 24. Qh4 Nf5 25. Nf6+ Kg7 26. Qg5 Qxf6 27. Qxf6+
Kxf6 28. Rfe1 Bb7 29. Kg1 Rfe8 30. Kf2 Re7 31. g4 Rxe1 32. Rxe1 Nd6 33. g5+ Kg7
34. Re7 Bc6 35. Rc7 Rc8 36. Ra7 Bb7 37. Ke3 Rxc2 38. Kd4 b3 39. Ke5 Rc6 {White
resigns} 0-1

[Event "Team 45 45 League T44"]
[Site "Internet Chess Club"]
[Date "2010.03.16"]
[Round "6"]
[White "KoalieAwe"]
[Black "Electryon"]
[Result "1/2-1/2"]
[WhiteElo "1543"]
[BlackElo "1407"]
[Opening "QGD Slav: exchange variation"]
[ECO "D13"]
[Time "20:04:00"]
[TimeControl "2700+45"]

1. d4 d5 2. c4 c6 3. Nf3 Nf6 4. cxd5 cxd5 5. Nc3 Bf5 6. Bf4 e6 7. e3 Bd6 8. Bxd6
Qxd6 9. Bd3 Bxd3 10. Qxd3 Nc6 11. a3 O-O 12. O-O a6 13. h3 b5 14. b4 Rfc8 15.
Rac1 Rc7 16. Rc2 Rac8 17. Rfc1 Nd7 18. Qd2 Nb6 19. Qd3 Nc4 20. Ra1 Rb8 21. Nd2
a5 22. bxa5 N6xa5 23. a4 bxa4 24. Nxa4 Nxd2 25. Qxd2 Rxc2 26. Qxc2 Nc4 27. Nc5
Qd8 28. Rb1 {Game drawn by mutual agreement} 1/2-1/2

[Event "Team 45 45 League T44"]
[Site "Internet Chess Club"]
[Date "2010.03.14"]
[Round "6"]
[White "ZacAttack99"]
[Black "philosopherking"]
[Result "1/2-1/2"]
[WhiteElo "1535"]
[BlackElo "1564"]
[Opening "Queen's pawn game, Rubinstein (Colle-Zukertort) variation"]
[ECO "D05"]
[Time "15:00:12"]
[TimeControl "2700+45"]

1. d4 d5 2. Nf3 Nf6 3. e3 e6 4. Bd3 c5 5. b3 Nc6 6. Nbd2 Be7 7. a3 a5 8. Bb2 Bd7
9. O-O O-O 10. Ne5 Qb6 11. Nxd7 Nxd7 12. dxc5 Bxc5 13. Qh5 h6 14. Qg4 Nde5 15.
Qg3 d4 16. Rfe1 Nxd3 17. cxd3 e5 18. Rac1 Rad8 19. exd4 Bxd4 20. Bxd4 Qxd4 21.
Nf3 Qxd3 22. Nxe5 Nxe5 23. Qxe5 Qxb3 24. Qxa5 Ra8 25. Rc3 Qb2 26. Qc5 Qd2 27.
Rcc1 Rfe8 28. Red1 Qb2 29. Ra1 b5 30. Rdb1 Qe2 31. Qxb5 Qxb5 32. Rxb5 Ra4 33.
Rb4 Rxa3 34. Rbb1 Rxa1 {Game drawn by mutual agreement} 1/2-1/2

[Event "Team 45 45 League T44"]
[Site "Internet Chess Club"]
[Date "2010.03.11"]
[Round "6"]
[White "SlimeDog2"]
[Black "Ehab"]
[Result "1-0"]
[WhiteElo "2124"]
[BlackElo "1935"]
[Opening "QGD Slav: 3.Nf3"]
[ECO "D11"]
[Time "20:18:29"]
[TimeControl "2700+45"]

1. d4 d5 2. c4 c6 3. Nf3 e6 4. Nc3 f5 5. Qc2 Nf6 6. e3 Bd6 7. Bd3 a6 8. cxd5
cxd5 9. O-O O-O 10. Bd2 Bd7 11. Rac1 Be8 12. Na4 Nbd7 13. Nc5 Nxc5 14. dxc5 Bc7
15. b4 e5 16. Bxf5 e4 17. Nd4 Bd7 18. Be6+ Kh8 19. g3 Ng4 20. c6 bxc6 21. Bxd7
Qxd7 22. Qxc6 Qxc6 23. Rxc6 Be5 24. Ne6 Rf6 25. Rfc1 h5 26. Nc7 Rxc6 27. Nxa8
Rf6 28. Be1 d4 29. h3 Nxf2 30. Bxf2 d3 31. a4 a5 32. bxa5 Kh7 33. Nb6 Bc3 34.
Nd5 Rc6 35. Nxc3 Rxc3 36. Rd1 Ra3 37. Be1 Rxa4 38. Bd2 Kg6 39. Kf2 Kf5 40. Bc3
g5 41. Ra1 Rc4 42. a6 Rxc3 43. a7 Rc2+ 44. Ke1 Re2+ 45. Kd1 Rxe3 46. a8=Q Rxg3
47. Qf8+ Ke5 {Black resigns} 1-0

[Event "Team 45 45 League T44"]
[Site "Internet Chess Club"]
[Date "2010.03.13"]
[Round "6"]
[White "dinkola"]
[Black "MtzKid"]
[Result "1-0"]
[WhiteElo "1719"]
[BlackElo "1563"]
[Opening "Dutch defense"]
[ECO "A40"]
[Time "10:31:59"]
[TimeControl "2700+45"]

1. d4 e6 2. c4 f5 3. Nf3 Nf6 4. Nc3 c6 5. e3 d5 6. Bd3 Bd6 7. O-O Ne4 8. Qc2 Qf6
9. cxd5 Nxc3 10. bxc3 exd5 11. c4 dxc4 12. Bxc4 Be6 13. Qb3 Bc8 14. Bb2 Qe7 15.
Rac1 Nd7 16. Rfe1 Nb6 17. d5 cxd5 18. Bxd5 Nxd5 19. e4 Nf4 20. exf5 Ne2+ 21.
Rxe2 Qxe2 22. Re1 Qxe1+ 23. Nxe1 Kf8 24. f6 gxf6 25. Bxf6 Rg8 26. Qd5 Bb4 27.
Nd3 Rg6 28. Qd8+ Kf7 29. Ne5+ Ke6 30. Nxg6 hxg6 31. Bh4 a5 32. a3 Bc5 33. Qf6+
Kd5 34. Qxg6 Be6 35. Qd3+ Kc6 36. a4 b6 37. Bg3 Rg8 38. h4 Rg4 39. Qf3+ Kd7 40.
Qb7+ Ke8 41. Kh2 Rxa4 42. h5 Rg4 43. h6 Rg6 44. h7 Rh6+ 45. Kg1 Be7 46. Qb8+ Bd8
47. Bc7 Rxh7 48. Qxd8+ Kf7 49. Bxb6 a4 50. Qa8 Bb3 51. Qf3+ Ke8 52. Bc5 Rf7 53.
Qe4+ Kd7 54. Qb7+ Ke6 55. Qe4+ Kd7 56. g4 Kc7 57. g5 Rd7 58. g6 Rd1+ 59. Kh2 Rd5
60. Qe7+ Kc6 61. Ba3 Rh5+ 62. Kg3 Rd5 63. g7 Rd1 64. Kf4 Rg1 65. Qd6+ Kb7 66.
Qe7+ Kc6 67. Kf5 Bc2+ 68. Kf6 Bb3 69. Qd6+ Kb7 70. Bc5 Rg2 71. Qd7+ Kb8 72. Bd6+
Ka8 73. Qc8+ Ka7 74. Bc5# {Black checkmated} 1-0

[Event "Team 45 45 League T44"]
[Site "Internet Chess Club"]
[Date "2010.03.10"]
[Round "6"]
[White "mongmong"]
[Black "tightfist"]
[Result "1-0"]
[WhiteElo "1570"]
[BlackElo "1533"]
[Opening "Queen's pawn"]
[ECO "A40"]
[Time "23:27:54"]
[TimeControl "2700+45"]

1. d4 e6 2. Nf3 b6 3. e3 Bb7 4. c3 d5 5. Bd3 Nf6 6. Nbd2 Be7 7. O-O O-O 8. Qe2
Nbd7 9. e4 dxe4 10. Nxe4 Nxe4 11. Bxe4 Bxe4 12. Qxe4 Nf6 13. Qe2 c5 14. dxc5
Bxc5 15. Bg5 h6 16. Bh4 Be7 17. Ne5 Nd5 18. Nc6 Qc7 19. Nxe7+ Nxe7 20. Bxe7 Qxe7
21. c4 Rfd8 22. Rfd1 Rxd1+ 23. Rxd1 Rd8 24. b3 Rxd1+ 25. Qxd1 Qa3 26. Qd2 f6 27.
g3 Kf7 28. f4 Qc5+ 29. Qf2 Qxf2+ 30. Kxf2 f5 31. Ke3 g5 32. Kd4 Kf6 33. b4 h5
34. a4 h4 35. c5 gxf4 36. gxf4 e5+ 37. fxe5+ Ke6 38. c6 Ke7 39. b5 Kd8 40. e6 h3
41. Ke5 f4 42. Kxf4 Ke7 43. c7 Kxe6 44. c8=Q+ Kd6 45. Qc6+ Ke7 46. Kf5 Kf7 47.
Qd7+ Kg8 48. Kg6 a6 49. Qg7# {Black checkmated} 1-0

[Event "Team 45 45 League T44"]
[Site "Internet Chess Club"]
[Date "2010.03.13"]
[Round "6"]
[White "LucaTrapani"]
[Black "koni"]
[Result "1-0"]
[WhiteElo "1918"]
[BlackElo "1977"]
[Opening "Old Indian defense"]
[ECO "A42"]
[Time "14:02:14"]
[TimeControl "2700+45"]

1. d4 d6 2. c4 e5 3. d5 f5 4. Nc3 Nf6 5. g3 Be7 6. Bg2 O-O 7. Nh3 a5 8. O-O Nbd7
9. Qc2 Nc5 10. b3 h6 11. f4 e4 12. Nf2 g6 13. Be3 b6 14. Bd4 Nh7 15. e3 Bd7 16.
a3 Bf6 17. Ne2 Qe7 18. Bxf6 Nxf6 19. Nd4 h5 20. Rfc1 Ng4 21. Nxg4 hxg4 22. Bf1
Kf7 23. b4 Nb7 24. Nc6 Qf6 25. Nd4 Rh8 26. Ra2 Rh6 27. Ne6 Bxe6 28. dxe6+ Qxe6
29. c5 bxc5 30. Rd1 Ke7 31. Bc4 Qd7 32. Qc3 Rh7 33. b5 Rah8 34. Bd5 Qc8 35. Rad2
Qa8 36. b6 cxb6 37. Bxb7 Qxb7 38. Rxd6 Rf8 39. Qe5+ Kf7 40. Rd7+ Qxd7 41. Rxd7+
{Black resigns} 1-0

[Event "Team 45 45 League T44"]
[Site "Internet Chess Club"]
[Date "2010.03.14"]
[Round "6"]
[White "IceBox"]
[Black "Troparion"]
[Result "1/2-1/2"]
[WhiteElo "1713"]
[BlackElo "1778"]
[Opening "QGD semi-Slav: 5...Nd7"]
[ECO "D45"]
[Time "17:00:44"]
[TimeControl "2700+45"]

1. d4 d5 2. c4 e6 3. Nc3 c6 4. Nf3 Nf6 5. e3 Nbd7 6. cxd5 exd5 7. Bd3 Bd6 8. O-O
O-O 9. a3 Re8 10. Qc2 a6 11. Bd2 Qe7 12. Rae1 Ne4 13. Bc1 f5 14. Ne2 h6 15. Ng3
g6 16. Nd2 Qh4 17. Nf3 Qe7 18. Nd2 Qh4 19. Nf3 Qe7 20. Nd2 {Game drawn by
repetition} 1/2-1/2

[Event "Team 45 45 League T44"]
[Site "Internet Chess Club"]
[Date "2010.03.13"]
[Round "6"]
[White "MisticKnights"]
[Black "chipionero"]
[Result "0-1"]
[WhiteElo "1834"]
[BlackElo "1729"]
[Opening "English opening"]
[ECO "A16"]
[Time "15:00:38"]
[TimeControl "2700+45"]

1. c4 Nf6 2. Nc3 d6 3. Nf3 g6 4. g3 Bg7 5. Bg2 O-O 6. d3 c6 7. O-O e5 8. Rb1 Re8
9. Qc2 Bg4 10. h3 Bf5 11. b4 e4 12. Nd4 exd3 13. exd3 Bc8 14. Be3 Nbd7 15. Nxc6
bxc6 16. Bxc6 Rxe3 17. Bxa8 Re7 18. Bg2 Ne5 19. Rbe1 Bb7 20. f4 Bxg2 21. Kxg2
Qa8+ 22. Ne4 Nxd3 23. Qxd3 Nxe4 24. Rf3 Nc5 25. Qd1 Rxe1 26. Qxe1 Ne6 27. Kf2
Bd4+ 28. Re3 Qe4 29. Qe2 Qxe3+ 30. Qxe3 Kf8 31. Kf3 Bxe3 32. Kxe3 Ke7 33. Ke4
Nc7 34. f5 Kf6 35. fxg6 fxg6 36. a4 Ke6 37. Kd4 Na6 38. Kc3 Ke5 39. b5 Nc5 40.
a5 Ke4 41. a6 Nd7 42. g4 g5 43. c5 dxc5 44. Kc4 Ke5 45. b6 Nxb6+ 46. Kxc5 Ke6
47. Kc6 Na4 48. Kb5 Nb6 49. Kc6 h6 50. Kb7 Kd7 51. Kxa7 Kc7 52. h4 gxh4 53. g5
Nc8+ 54. Ka8 hxg5 {White resigns} 0-1

[Event "Team 45 45 League T44"]
[Site "Internet Chess Club"]
[Date "2010.03.15"]
[Round "6"]
[White "monsterpawn"]
[Black "jefferyx"]
[Result "1-0"]
[WhiteElo "1975"]
[BlackElo "2161"]
[Opening "Nimzo-Indian: classical variation"]
[ECO "E32"]
[Time "15:15:11"]
[TimeControl "2700+45"]

1. d4 Nf6 2. c4 e6 3. Nc3 Bb4 4. Qc2 O-O 5. a3 Bxc3+ 6. Qxc3 h6 7. Bf4 b6 8. e3
Bb7 9. Ne2 c5 10. dxc5 bxc5 11. f3 d5 12. O-O-O Nc6 13. Qc2 Qb6 14. Nc3 d4 15.
Na4 Qa5 16. Bd6 Rfd8 17. Nxc5 Bc8 18. Nb3 Qf5 19. Bd3 Qh5 20. g4 Qh4 21. Bg3 Qg5
22. Bf4 Qh4 23. exd4 Ba6 24. Be3 Rac8 25. Nc5 Nb8 26. Rhg1 Nfd7 27. Nxa6 Nxa6
28. g5 h5 29. Rg3 e5 30. Bf1 {Black resigns} 1-0

[Event "Team 45 45 League T44"]
[Site "Internet Chess Club"]
[Date "2010.03.15"]
[Round "6"]
[White "pishd"]
[Black "Marichan"]
[Result "1/2-1/2"]
[WhiteElo "1702"]
[BlackElo "1932"]
[Opening "King's Indian: London system"]
[ECO "A48"]
[Time "16:39:01"]
[TimeControl "2700+45"]

1. d4 Nf6 2. Nf3 g6 3. Bf4 Bg7 4. e3 O-O 5. c4 d6 6. h3 c6 7. Be2 Nbd7 8. Nc3
Qa5 9. a3 e5 10. dxe5 dxe5 11. b4 Qc7 12. Bh2 Ne8 13. Rc1 Qd6 14. Qxd6 Nxd6 15.
c5 Ne8 16. Bc4 Nc7 17. Rd1 b6 18. Ne4 bxc5 19. Nxc5 Nxc5 20. bxc5 Re8 21. Rd6 e4
22. Ng5 Ne6 23. Nxe6 Bxe6 24. Bxe6 Rxe6 25. Rxe6 fxe6 26. Ke2 Bb2 27. a4 Rd8 28.
Rb1 Bc3 29. Bd6 Rd7 30. Rc1 Bg7 31. Rc4 Rb7 32. Rxe4 Rb2+ 33. Kf3 Kf7 34. Rh4 h6
35. Rf4+ Ke8 36. h4 Rb7 37. Rg4 Kf7 38. Rf4+ Ke8 39. Rg4 Kf7 40. Rf4+ Ke8 41.
Rg4 Kf7 {Game drawn by repetition} 1/2-1/2

[Event "Team 45 45 League T44"]
[Site "Internet Chess Club"]
[Date "2010.03.12"]
[Round "6"]
[White "kidcobra"]
[Black "Packerfan"]
[Result "0-1"]
[WhiteElo "1593"]
[BlackElo "1770"]
[Opening "Two knights defense"]
[ECO "C58"]
[Time "10:00:15"]
[TimeControl "2700+45"]

1. e4 e5 2. Nf3 Nc6 3. Bc4 Nf6 4. Ng5 d5 5. exd5 Na5 6. Bb5+ c6 7. dxc6 bxc6 8.
Ba4 h6 9. Nf3 e4 10. Ne5 Qd4 11. Bxc6+ Nxc6 12. Nxc6 Qc5 13. Nxa7 Qxa7 14. h3
Bc5 15. O-O Ba6 16. d3 O-O 17. Bf4 exd3 18. cxd3 Rad8 19. Be3 Bxe3 20. fxe3
Qxe3+ 21. Kh1 Rxd3 22. Qe1 Re8 23. Nc3 Rxc3 24. bxc3 Bxf1 25. Qxf1 Qxc3 26. Qc1
Qxc1+ 27. Rxc1 Ra8 28. Ra1 Ne4 29. a4 Nc5 30. Kh2 Rxa4 31. Rc1 Ra5 32. Kg3 f6
33. Kf3 Kf7 34. g4 Ra3+ 35. Kg2 Ne6 36. Rb1 Nf4+ 37. Kf2 Nxh3+ 38. Kg2 Kg6 39.
Rh1 Nf4+ 40. Kf2 Kg5 41. Rb1 Nd3+ 42. Kg2 Ne5 43. Rd1 Kxg4 44. Rd2 h5 45. Rd4+
Kf5 46. Rd2 g5 47. Rf2+ Kg4 48. Rb2 h4 49. Rb4+ Kf5 50. Rb2 Rc3 51. Rf2+ Rf3 52.
Ra2 h3+ 53. Kg1 Kg4 54. Ra1 Kg3 55. Kh1 Ng4 56. Rg1+ Kf4 57. Rc1 Nf2+ 58. Kh2 g4
59. Rc4+ Ne4 60. Kg1 g3 61. Rc1 h2+ 62. Kh1 Nf2+ 63. Kg2 h1=Q+ 64. Rxh1 Nxh1 65.
Kh3 Nf2+ 66. Kg2 Kg4 67. Kf1 Nd3+ 68. Ke2 g2 69. Kd2 Nc5 70. Ke2 g1=Q 71. Kd2
Qe3+ 72. Kc2 Rf2+ 73. Kb1 Qe1# {White checkmated} 0-1

[Event "Team 45 45 League T44"]
[Site "Internet Chess Club"]
[Date "2010.03.13"]
[Round "6"]
[White "toolate"]
[Black "Caminator"]
[Result "0-1"]
[WhiteElo "1734"]
[BlackElo "1903"]
[Opening "French: exchange variation"]
[ECO "C01"]
[Time "10:33:18"]
[TimeControl "2700+45"]

1. e4 e6 2. d4 d5 3. exd5 exd5 4. Nf3 Bd6 5. Nc3 c6 6. Bd3 Nf6 7. O-O O-O 8. Bg5
Bg4 9. h3 Bh5 10. g4 Bg6 11. Ne5 Bxd3 12. Qxd3 h6 13. Bh4 Na6 14. Rae1 c5 15.
Nxd5 g5 16. Nxf6+ Qxf6 17. Nd7 Bh2+ 18. Kxh2 Qd6+ 19. Bg3 Qxd7 20. d5 Nb4 21.
Qb3 Qxd5 22. Qxd5 Nxd5 23. Re5 Rfd8 24. a3 b6 25. c4 Nf6 26. Rf5 Ne4 27. Be5 Rd2
28. Kg1 Re8 29. Re1 Nd6 30. Rf6 Nxc4 31. Rf5 Rd5 32. Bc3 Rxe1+ 33. Bxe1 Rxf5 34.
gxf5 Nxb2 35. Bc3 Nc4 36. a4 Nd6 37. Be5 Nxf5 38. Bb8 c4 39. Kf1 a6 40. Ba7 b5
41. axb5 axb5 42. Bc5 Ng7 43. Ke2 Ne6 {White resigns} 0-1

[Event "Team 45 45 League T44"]
[Site "Internet Chess Club"]
[Date "2010.03.12"]
[Round "6"]
[White "natethegreat"]
[Black "Nosferatu1"]
[Result "0-1"]
[WhiteElo "1909"]
[BlackElo "1846"]
[Opening "Sicilian: Alapin's variation (2.c3)"]
[ECO "B22"]
[Time "17:35:49"]
[TimeControl "2700+45"]

1. e4 c5 2. c3 d5 3. exd5 Qxd5 4. d4 e6 5. Nf3 Nf6 6. Be3 cxd4 7. cxd4 Nc6 8.
Nc3 Bb4 9. Bd3 O-O 10. O-O Bxc3 11. bxc3 e5 12. c4 Qa5 13. dxe5 Nxe5 14. Nxe5
Qxe5 15. Bd4 Qf4 16. Qc2 Qxd4 17. Rad1 Qc5 18. Rfe1 Be6 19. Qc3 Rac8 20. Re5 Qc7
21. Rg5 Kh8 22. a4 Qf4 23. Rg3 Bxc4 24. Rf3 Qg4 25. Bf5 Qh5 26. Bxc8 Rxc8 27.
Rd6 Qg6 28. Re3 h6 29. h4 Be6 30. Qb2 Qc2 31. Qxc2 Rxc2 32. f3 Ra2 33. Rd8+ Kh7
34. Rb8 b6 35. g4 Rxa4 36. Rd3 Nd5 37. h5 g6 38. hxg6+ Kxg6 39. Rg8+ Kh7 40. Rd8
b5 41. R3xd5 Bxd5 42. Rxd5 b4 43. Rd4 a5 44. Kf2 Ra3 45. Rd7 Kg6 46. Rd6+ f6 47.
f4 Ra2+ 48. Ke3 Kf7 49. f5 b3 50. Rd7+ Ke8 51. Rb7 a4 52. Kd3 Rg2 53. Rb8+ Ke7
54. Rb7+ Kd6 55. Rb6+ Kc5 56. Rb8 Rxg4 57. Rf8 a3 58. Rc8+ Kd5 {White resigns}
0-1

[Event "Team 45 45 League T44"]
[Site "Internet Chess Club"]
[Date "2010.03.15"]
[Round "6"]
[White "MidasMulligan"]
[Black "avila"]
[Result "1-0"]
[WhiteElo "1699"]
[BlackElo "1751"]
[Opening "French: King's Indian attack"]
[ECO "C00"]
[Time "18:34:36"]
[TimeControl "2700+45"]

1. e4 e6 2. d3 d5 3. Nd2 c5 4. Ngf3 Nc6 5. g3 d4 6. e5 Qc7 7. Qe2 Nge7 8. Bg2
Ng6 9. O-O Ncxe5 10. Nxe5 Qxe5 11. Ne4 Be7 12. f4 Qc7 13. Bd2 O-O 14. Rae1 Bd7
15. Qh5 Rac8 16. Ng5 Bxg5 17. Qxg5 h6 18. Qh5 Ne7 19. g4 Bc6 20. Bxc6 Qxc6 21.
f5 Nd5 22. g5 hxg5 23. Qxg5 f6 24. Qg3 e5 25. Bh6 Qd7 26. Re4 Qf7 27. Rg4 Rc7
28. Kh1 Ne3 29. Bxe3 Qd5+ 30. Kg1 dxe3 31. b3 b5 32. Qxe3 c4 33. d4 cxb3 34.
cxb3 exd4 35. Rxd4 Qf7 36. Qh3 Re8 {Black resigns} 1-0

[Event "Team 45 45 League T44"]
[Site "Internet Chess Club"]
[Date "2010.03.15"]
[Round "6"]
[White "vkpanch"]
[Black "quaksterjohny"]
[Result "1-0"]
[WhiteElo "1683"]
[BlackElo "1359"]
[Opening "Caro-Kann: Panov-Botvinnik attack, 5...g6"]
[ECO "B14"]
[Time "20:35:34"]
[TimeControl "2700+45"]

1. e4 c6 2. d4 d5 3. exd5 cxd5 4. c4 Nf6 5. Nc3 g6 6. Bg5 Bg7 7. Bxf6 Bxf6 8.
Nxd5 Bg7 9. Nf3 Nc6 10. b4 e6 11. b5 Nxd4 12. Nxd4 exd5 13. Qe2+ Kf8 14. Rd1 Qb6
15. Qd2 dxc4 16. Qb4+ Kg8 17. Bxc4 Bf8 18. Qb3 Qf6 19. O-O Bc5 20. Qc3 Kg7 21.
Bb3 Bb6 22. Ne2 Re8 23. Rd6 Qe5 24. Rc1 Kg8 25. Rf6 Qxc3 26. Nxc3 Be6 27. Nd5
Bd4 28. Rf4 Be5 29. Rf3 Rad8 30. Rd3 Bd6 31. Nf6+ Kf8 32. Nxe8 Kxe8 33. Bxe6
fxe6 34. Rcd1 Ke7 35. g3 e5 36. Kg2 Ke6 37. Kf3 Rf8+ 38. Ke2 Bc5 39. Rf3 Rc8 40.
Rfd3 Rf8 41. f3 e4 42. Rc3 exf3+ 43. Rxf3 Rc8 44. Rc3 b6 45. Rd4 Kf6 46. Rd7
Re8+ 47. Kf1 Bb4 48. Rf3+ Kg5 49. Rxh7 Re5 50. Rf4 Re1+ 51. Kg2 Re2+ 52. Kf3
Rxh2 53. Rxh2 Bd6 54. Rf7 Bc5 55. Rh4 Bd6 56. Rg4+ Kh5 57. Rh7# {Black
checkmated} 1-0

[Event "Team 45 45 League T44"]
[Site "Internet Chess Club"]
[Date "2010.03.14"]
[Round "6"]
[White "OxidisedLizard"]
[Black "ILRE"]
[Result "1-0"]
[WhiteElo "1798"]
[BlackElo "1474"]
[Opening "Pirc defense"]
[ECO "B07"]
[Time "17:00:08"]
[TimeControl "2700+45"]

1. e4 d6 2. d4 Nf6 3. Nc3 g6 4. Be3 Bg7 5. f3 O-O 6. Qd2 c6 7. O-O-O b5 8. g4 a6
9. h4 Qa5 10. Kb1 b4 11. Nce2 Be6 12. b3 Nbd7 13. Nf4 Nb6 14. h5 Bd7 15. hxg6
fxg6 16. g5 Nh5 17. Nxh5 gxh5 18. Rxh5 Qa3 19. Rh1 Be6 20. Qc1 Qxc1+ 21. Rxc1
Nd7 22. f4 Bf7 23. Bd3 e5 24. Ne2 exf4 25. Nxf4 c5 26. e5 dxe5 27. Bxh7+ Kh8 28.
Be4+ Kg8 29. Bh7+ Kh8 30. Ng6+ Bxg6 31. Bxg6+ Kg8 32. dxc5 Rfd8 33. Rcf1 Rf8 34.
Bh7+ Kh8 35. Bf5+ Kg8 36. Be6+ {Black resigns} 1-0

[Event "Team 45 45 League T44"]
[Site "Internet Chess Club"]
[Date "2010.03.14"]
[Round "6"]
[White "Warpdrive"]
[Black "tenor"]
[Result "0-1"]
[WhiteElo "1547"]
[BlackElo "1784"]
[Opening "Ruy Lopez: closed, Bogolyubov variation"]
[ECO "C91"]
[Time "17:00:25"]
[TimeControl "2700+45"]

1. e4 e5 2. Nf3 Nc6 3. Bb5 a6 4. Ba4 Nf6 5. O-O b5 6. Bb3 Be7 7. Re1 d6 8. c3
O-O 9. d4 Bg4 10. d5 Nb8 11. Nbd2 c5 12. Nf1 Nbd7 13. Ne3 Bh5 14. Nf5 c4 15. Bc2
h6 16. Be3 Ng4 17. Nxe7+ Qxe7 18. Qd2 Nxe3 19. Qxe3 Bg6 20. a4 Nc5 21. axb5 axb5
22. Kh1 Rfb8 23. Reb1 Rxa1 24. Rxa1 b4 25. Nd2 b3 26. Bb1 Qc7 27. Nxc4 Nxe4 28.
Bxe4 Qxc4 29. Bxg6 fxg6 30. Qd2 Kh7 31. h3 Rb5 32. Rd1 Qe4 33. Qd3 Qxd3 34. Rxd3
Rc5 35. f3 g5 36. Kg1 Kg6 37. Kf2 Kf5 38. Ke3 g6 39. g4+ Kf6 40. Kf2 h5 41. Ke3
Rc4 42. Rd2 Rf4 43. Rg2 h4 44. Rf2 e4 45. fxe4 Ke5 46. Rxf4 gxf4+ 47. Kf3 g5 48.
c4 Kd4 49. c5 Kxc5 50. Ke2 Kd4 51. Kf3 Ke5 {White resigns} 0-1